 Dungeon Crawl Stone Soup version 0.31-a0-152-g6aa68a64a1 (webtiles) character file.

Game seed: 1132863617183862228

573 qw the Shooter (level 7, -3/64 HPs)
             Began as a Naga Hunter on June 9, 2023.
             Was an Initiate of Okawaru.
             Slain by Menkaure (7 damage)
             ... on level 6 of the Dungeon.
             The game lasted 00:01:09 (4118 turns).

qw the Shooter (Naga Hunter)                        Turns: 4118, Time: 00:01:10

Health: -3/64      AC:  3    Str: 13    XL:     7   Next: 34%
Magic:  7/7        EV: 10    Int: 10    God:    Okawaru [......]
Gold:   321        SH:  0    Dex: 16    Spells: 6/6 levels left

rFire   . . .        h - +0 orcbow
rCold   . . .        (shield currently unavailable)
rNeg    . . .        c - +0 leather armour
rPois   +            (no helmet)
rElec   .            (no cloak)
rCorr   .            (no gloves)
SInv    +            (no barding)
Will    .....        (no amulet)
Stlth   ++           (no ring)
HPRegen 0.30/turn    (no ring)
MPRegen 0.10/turn

%: no passive effects
@: short of breath, very slow
A: AC +2, large, see invisible, deformed body, poison resistance, slowness 2,
spit poison 1, naga tail 1
a: Spit Poison, Renounce Religion


You were on level 6 of the Dungeon.
You worshipped Okawaru.
Okawaru was noncommittal.
You visited 1 branch of the dungeon, and saw 6 of its levels.

You collected 321 gold pieces.


Innate Abilities, Weirdness & Mutations

Your serpentine skin is tough. (AC +2)
You have supernaturally acute eyesight. (SInv)
Armour fits poorly on your strangely shaped body.
Your system is resistant to poisons. (rPois)
You cover ground very slowly.
You can spit poison.
You have a snake-like lower body.


   Skills:
 - Level 4.1 Fighting
 + Level 7.0 Ranged Weapons
 - Level 2.0 Dodging
 - Level 1.5 Stealth


You had 6 spell levels left.
You didn't know any spells.
Your spell library was empty.

Inventory:

Hand Weapons
 h - a +0 orcbow (weapon)
Armour
 c - a +0 leather armour (worn)
Wands
 a - a wand of digging (4)
Scrolls
 i - a scroll of identify
Potions
 b - a potion of curing
 d - a potion of heal wounds {unknown}
 e - a potion of attraction {unknown}
 g - a potion of resistance {unknown}
 j - a potion of haste {unknown}

Dungeon Overview and Level Annotations

Branches:
Dungeon (6/15)
 Temple: D:4-7

Altars:
Dithmenos
Nemelex Xobeh
Okawaru
Vehumet

Annotations:
D:5 1 runed translucent door, Crazy Yiuf
D:6 Menkaure


Message History

Found a stone staircase leading down.
There is a stone staircase leading down here.
There is a stone staircase leading down here.
An adder comes into view.
4111 ||| INVOKING Spit Poison.
Aiming: Spit Poison (1% risk of failure)
Press: ? - help, Shift-Dir - straight line, f - adder The splash of poison hits the adder!
The adder is severely wounded.
The adder hisses angrily.
You shoot an arrow. The arrow barely misses the adder.
You hear a shout!
You hear a bark!
Menkaure, Prince of Dust comes into view.
A hound comes into view.
You shoot an arrow. The arrow hits the adder.
You kill the adder!
Okawaru accepts your kill.
Your Dodging skill increases to level 2!
You shoot an arrow. The arrow hits the hound.
The hound is moderately wounded.
The hound bites you. x2
Menkaure calls on the powers of darkness!
The hound convulses!
Your body is wracked with pain!
You shoot an arrow. The arrow closely misses the hound.
The hound pauses to sniff the ground.
The hound misses you. x2
You shoot an arrow. The arrow barely misses the hound.
You have got your breath back.
The hound bites you.
Menkaure calls on the powers of darkness!
Your body is wracked with pain!
The hound convulses!
The hound bites you.
4117 ||| INVOKING Spit Poison.
Aiming: Spit Poison (1% risk of failure)
Press: ? - help, Shift-Dir - straight line, f/p - hound The splash of poison misses the hound.
The hound bites you. Menkaure hits you! The hound barely misses you.
You shoot an arrow. The arrow hits the hound.
The hound is almost dead.
The hound bites you but does no damage. Menkaure hits you!
You die...

###################
#M@................
......h#################
.....%. #+##.## #. . #


You could see Menkaure and a hound.

Vanquished Creatures
  A centaur (D:5)
  A phantom (D:5)
  2 scorpions
  An orc priest (D:4)
  A jelly (D:5)
  A hound (D:4)
  2 iguanas (D:5)
  8 adders
  2 ufetubi (D:5)
  3 dart slugs
  6 orcs (D:4)
  8 ball pythons
  10 endoplasms
  A giant cockroach (D:2)
  4 goblins
  7 hobgoblins
  2 kobolds
  4 quokkas
  4 bats
  3 frilled lizards
  6 rats
77 creatures vanquished.

Notes
Turn   | Place    | Note
-------+----------+-------------------------------------------
     0 | D:1      | qw the Naga Hunter began the quest for the Orb.
     0 | D:1      | Reached XP level 1. HP: 19/19 MP: 1/1
     0 | D:1      | 0 ||| qw: Version: 0.2-a-122-gbc61b45
     0 | D:1      | 0 ||| qw: Game counter: 3476
     0 | D:1      | 0 ||| qw: Always use a shield: true
     0 | D:1      | 0 ||| qw: God list: Okawaru
     0 | D:1      | 0 ||| qw: Allow faded altars: false
     0 | D:1      | 0 ||| qw: Do Orc after D:15 true
     0 | D:1      | 0 ||| qw: Do second Lair branch before Depths: true
     0 | D:1      | 0 ||| qw: Lair rune preference: random
     0 | D:1      | 0 ||| qw: Plans: Normal
     0 | D:1      | 0 ||| PLANNING D:1-11
   195 | D:1      | 195 ||| INVOKING Spit Poison.
   222 | D:1      | Reached skill level 4 in Ranged Weapons
   222 | D:1      | Reached XP level 2. HP: 26/26 MP: 2/2
   231 | D:1      | 231 ||| INVOKING Spit Poison.
   232 | D:1      | 232 ||| INVOKING Spit Poison.
   235 | D:1      | 235 ||| INVOKING Spit Poison.
   425 | D:1      | 425 ||| INVOKING Spit Poison.
   528 | D:1      | 528 ||| READING scroll labelled VEUNTY XOIGGIR.
   529 | D:1      | 529 ||| READING scroll labelled HESCHICHAOT.
   530 | D:1      | 530 ||| READING 2 scrolls labelled OFEZENL HOUPS.
   531 | D:1      | 531 ||| READING scroll labelled PEOXZIDWIU.
   532 | D:1      | 532 ||| DROPPING scroll of butterflies.
   533 | D:1      | 533 ||| DROPPING scroll of immolation.
   588 | D:2      | 588 ||| INVOKING Spit Poison.
   589 | D:2      | 589 ||| INVOKING Spit Poison.
   604 | D:2      | 604 ||| INVOKING Spit Poison.
   623 | D:2      | 623 ||| INVOKING Spit Poison.
   628 | D:2      | 628 ||| INVOKING Spit Poison.
   670 | D:2      | 670 ||| INVOKING Spit Poison.
   676 | D:2      | 676 ||| INVOKING Spit Poison.
   682 | D:2      | 682 ||| INVOKING Spit Poison.
   685 | D:2      | Reached XP level 3. HP: 14/32 MP: 3/3
   838 | D:2      | 838 ||| INVOKING Spit Poison.
   845 | D:2      | 845 ||| INVOKING Spit Poison.
   889 | D:2      | 889 ||| INVOKING Spit Poison.
   892 | D:2      | 892 ||| INVOKING Spit Poison.
   957 | D:2      | 957 ||| INVOKING Spit Poison.
   962 | D:2      | 962 ||| INVOKING Spit Poison.
   988 | D:2      | 988 ||| INVOKING Spit Poison.
  1145 | D:2      | 1145 ||| INVOKING Spit Poison.
  1146 | D:2      | 1146 ||| INVOKING Spit Poison.
  1150 | D:2      | 1150 ||| FLEEEEING.
  1151 | D:2      | 1151 ||| FLEEEEING.
  1273 | D:2      | 1273 ||| READING scroll labelled LOOJYFUIGI.
  1295 | D:3      | 1295 ||| INVOKING Spit Poison.
  1303 | D:3      | 1303 ||| INVOKING Spit Poison.
  1347 | D:3      | 1347 ||| INVOKING Spit Poison.
  1350 | D:3      | 1350 ||| INVOKING Spit Poison.
  1507 | D:3      | Identified the +8 short sword of Hyefedue {heavy, rC+
                  | Stlth+}
  1559 | D:3      | Found a radiant altar of Vehumet.
  1600 | D:3      | 1600 ||| INVOKING Spit Poison.
  1671 | D:3      | 1671 ||| INVOKING Spit Poison.
  1672 | D:3      | Reached skill level 5 in Ranged Weapons
  1877 | D:3      | 1877 ||| INVOKING Spit Poison.
  1881 | D:3      | Reached XP level 4. HP: 39/39 MP: 4/4
  1952 | D:3      | 1952 ||| READING scroll labelled YDDI VEWKEMU.
  1953 | D:3      | 1953 ||| READING scroll labelled KEGIZI SOKKOE.
  1958 | D:3      | 1958 ||| READING scroll labelled KICOHOEPEC.
  2018 | D:4      | 2018 ||| INVOKING Spit Poison.
  2022 | D:4      | 2022 ||| INVOKING Spit Poison.
  2027 | D:4      | 2027 ||| INVOKING Spit Poison.
  2104 | D:4      | 2104 ||| INVOKING Spit Poison.
  2189 | D:4      | 2189 ||| INVOKING Spit Poison.
  2189 | D:4      | Noticed a scorpion
  2191 | D:4      | Reached skill level 3 in Fighting
  2192 | D:4      | Killed a scorpion
  2193 | D:4      | Reached XP level 5. HP: 49/49 MP: 5/5
  2214 | D:4      | 2214 ||| INVOKING Spit Poison.
  2220 | D:4      | 2220 ||| INVOKING Spit Poison.
  2227 | D:4      | 2227 ||| READING scroll of brand weapon.
  2227 | D:4      | 2227 ||| BRANDING +0 shortbow of freezing.
  2235 | D:4      | 2235 ||| INVOKING Spit Poison.
  2240 | D:4      | 2240 ||| INVOKING Spit Poison.
  2247 | D:4      | 2247 ||| INVOKING Spit Poison.
  2250 | D:4      | 2250 ||| INVOKING Spit Poison.
  2395 | D:4      | 2395 ||| INVOKING Spit Poison.
  2409 | D:4      | Found a sparkling altar of Nemelex Xobeh.
  2519 | D:4      | 2519 ||| INVOKING Spit Poison.
  2678 | D:4      | 2678 ||| DRINKING 3 sapphire potions.
  2679 | D:4      | 2679 ||| DROPPING 2 potions of degeneration.
  2711 | D:5      | Entered Level 5 of the Dungeon
  2739 | D:5      | Reached skill level 6 in Ranged Weapons
  2739 | D:5      | Reached XP level 6. HP: 56/56 MP: 6/6
  2745 | D:5      | 2745 ||| INVOKING Spit Poison.
  2878 | D:5      | 2878 ||| READING scroll of brand weapon.
  2878 | D:5      | 2878 ||| BRANDING +0 shortbow of flaming.
  2909 | D:5      | 2909 ||| INVOKING Spit Poison.
  2965 | D:5      | Found a runed translucent door.
  2966 | D:5      | Noticed Crazy Yiuf
  2988 | D:5      | 2988 ||| INVOKING Spit Poison.
  2991 | D:5      | 2991 ||| INVOKING Spit Poison.
  2994 | D:5      | 2994 ||| INVOKING Spit Poison.
  3075 | D:5      | Found an iron altar of Okawaru.
  3082 | D:5      | 3082 ||| PLANNING OKAWARU WORSHIP
  3091 | D:5      | Became a worshipper of Warmaster Okawaru
  3091 | D:5      | 3091 ||| PLANNING D:1-11
  3126 | D:5      | 3126 ||| INVOKING Spit Poison.
  3129 | D:5      | 3129 ||| INVOKING Spit Poison.
  3302 | D:5      | 3302 ||| INVOKING Spit Poison.
  3415 | D:5      | 3415 ||| INVOKING Spit Poison.
  3419 | D:5      | 3419 ||| INVOKING Spit Poison.
  3423 | D:5      | 3423 ||| INVOKING Spit Poison.
  3543 | D:5      | 3543 ||| INVOKING Spit Poison.
  3544 | D:5      | Reached XP level 7. HP: 64/64 MP: 7/7
  3585 | D:5      | Found a shadowy altar of Dithmenos.
  3586 | D:5      | 3586 ||| SWAPPING to +0 orcbow.
  3606 | D:5      | HP: 10/64 [phantom (7)]
  3607 | D:5      | 3607 ||| READING scroll of teleportation.
  3608 | D:5      | HP: 2/64 [phantom (5)]
  3610 | D:5      | Reached skill level 7 in Ranged Weapons
  3816 | D:5      | 3816 ||| DROPPING +0 heavy shortbow.
  3926 | D:5      | 3926 ||| INVOKING Spit Poison.
  3932 | D:5      | 3932 ||| INVOKING Spit Poison.
  4030 | D:5      | 4030 ||| READING 2 scrolls of identify.
  4030 | D:5      | 4030 ||| IDENTIFYING golden potion
  4111 | D:6      | 4111 ||| INVOKING Spit Poison.
  4112 | D:6      | Noticed Menkaure
  4116 | D:6      | HP: 14/64 [??? (12)]
  4117 | D:6      | 4117 ||| INVOKING Spit Poison.
  4117 | D:6      | HP: 4/64 [Menkaure (7)]
  4118 | D:6      | Slain by Menkaure

Levels and vault maps discovered:
D:1:      amcnicky_arrival_double_pillar, layout_basic
D:2:      layout_basic, hangedman_decor_push, corexii_shack
D:3:      layout_loops_cross, nicolae_vehumet_altar_sigil
D:4:      layout_loops_ring, nemelex_xobeh_ov_fountains_minmay
D:5:      layout_loops_corners, grunt_dithmenos_shadows,
          mainiacjoe_overflow_chevrons, uniq_crazy_yiuf_cottage
D:6:      layout_basic, minmay_temple_entry_glass, uniq_eustachio, uniq_edmund,
          uniq_maggie, uniq_menkaure

Skill      XL: |  1  2  3  4  5  6  7 |
---------------+----------------------+-----
Ranged Weapons | 4 5 6 7 |  7.0
Fighting       | 3 4 |  4.1
Dodging        | 2 |  2.0
Stealth        | |  1.5

Action                     |  1- 3 |  4- 6 |  7- 9 || total
---------------------------+-------+-------+-------++-------
   Fire: Shortbow          |    78 |    65 |       ||   143
         Orcbow            |       |       |    36 ||    36
Ability: Spit Poison       |    26 |    25 |     4 ||    55
    Use: Scroll            |     5 |     5 |     2 ||    12
         Potion            |       |     1 |       ||     1
 Armour: Leather armour    |     9 |     7 |     5 ||    21
  Dodge: Dodged            |    14 |    18 |     7 ||    39

Table legend:
 A = Non-vault XP
 B = Vault XP
 C = Vault XP percentage of total XP
 D = Non-vault monster count
 E = Vault monster count
 F = Vault count percentage of total count
                 A         B        C        D         E       F
            +---------+---------+-------+---------+---------+-------
      Total |     714 |     105 |  12.8 |      75 |       2 |   2.6
            +---------+---------+-------+---------+---------+-------
        D:1 |      23 |       0 |   0.0 |      12 |       0 |   0.0
        D:2 |      43 |       2 |   4.4 |      19 |       1 |   5.0
        D:3 |      18 |       0 |   0.0 |      11 |       0 |   0.0
        D:4 |     232 |       0 |   0.0 |      20 |       0 |   0.0
        D:5 |     385 |     103 |  21.1 |      12 |       1 |   7.7
        D:6 |      13 |       0 |   0.0 |       1 |       0 |   0.0
            +---------+---------+-------+---------+---------+-------
